 Dungeon Sprint DCSS version 0.27.1-33-g824d729ab1 (webtiles) character file.

Game seed: 10457218158797728136

630 Hipnos the Unseen (level 7, -6/32 HPs)
             Began as a Spriggan Enchanter on Nov 25, 2021.
             Was an Initiate of Kikubaaqudgha.
             Mangled by Sonja (15 damage)
             ... in the Dungeon (Sprint I: "Red Sonja").
             The game lasted 00:02:17 (262 turns).

Hipnos the Unseen (Spriggan Enchanter)               Turns: 262, Time: 00:02:19

Health: -6/32      AC:  3    Str:  4    XL:     7   Next: 24%
Magic:  14/18      EV: 20    Int: 16    God:    Kikubaaqudgha [......]
Gold:   405        SH:  0    Dex: 18    Spells: 17/20 levels left

rFire    + . .     SeeInvis +   a - +1 dagger
rCold    . . .     Faith    .   (shield restricted)
rNeg     . . .     Spirit   .   j - +1 robe {rF+}
rPois    .         Reflect  .   (helmet restricted)
rElec    .         Harm     .   (no cloak)
rCorr    .         Rampage  .   (gloves unavailable)
Will     +....     NoTele   +   (boots unavailable)
Stlth    +++++++...             (no amulet)
HPRegen  0.10/turn              (no ring)
MPRegen  0.16/turn              (no ring)

@: lethally poisoned (-6 -> -13), slowed, quick
A: very small, no large weapons, unfitting armour, see invisible, speed 3
a: Renounce Religion


You were in the Dungeon.
You worshipped Kikubaaqudgha.
Kikubaaqudgha was noncommittal.
You visited 1 branch You collected 405 gold pieces.

Inventory:

Hand Weapons
 a - a +1 dagger (weapon)
Armour
 b - a +0 robe
 j - a +1 robe of fire resistance (worn)
Wands
 g - a wand of digging (5)
 i - a wand of flame (21)
Scrolls
 h - a scroll of blinking
 k - a scroll of enchant weapon {unknown}
Potions
 c - a potion of curing
 d - a potion of heal wounds
 e - a potion of haste
 f - 2 potions of magic


   Skills:
 + Level 0.4 Fighting
 + Level 6.1 Short Blades
 + Level 6.1 Dodging
 * Level 17.4 Stealth
 + Level 7.1 Spellcasting
 + Level 6.8 Hexes
 + Level 0.6 Ice Magic


You had 17 spell levels left.
You knew the following spells:

 Your Spells              Type           Power      Damage    Failure   Level
a - Corona                Hex            30%        N/A       1%          1
b - Ensorcelled Hibernat  Hex/Ice        34%        N/A       4%          2

Your spell library contained the following spells:

 Spells                   Type           Power      Damage    Failure   Level
 Confusing Touch          Hex            27%        N/A       2%          3
 Tukima's Dance           Hex            27%        N/A       2%          3
 Dazzling Flash           Conj/Hex       32%        N/A       9%          3


Dungeon Overview and Level Annotations

Branches:
Dungeon (1/1)

Altars:
Cheibriados
Dithmenos
Elyvilon
Fedhas
Gozag
Hepliaklqana
Kikubaaqudgha
Makhleb
Nemelex Xobeh
Okawaru
Qazlal
Ru
Sif Muna
Trog
Uskayaw
Vehumet
Wu Jian
Xom
Yredelemnul
Zin
The Shining One
Jiyva
Lugonu

Shops:
D *

Annotations:
D Sonja


Innate Abilities, Weirdness & Mutations

You are very small and have problems with some larger weapons.
You are too small for most types of armour.
You have supernaturally acute eyesight. (SInv)
You cover ground extremely quickly. (Speed+++)


Message History

You now have 351 gold pieces (gained 27).
You now have 378 gold pieces (gained 27).
You now have 405 gold pieces (gained 27).
There is an open door here.
There is a viscous altar of Jiyva here.
There is an open door here.
There is an open door here.
You see here a +0 plate armour.
You open the door.
Sonja, the Graceful Assassin comes into view.
She is wielding a +0 dagger of distortion and quivering curare-tipped darts.
Found 108 gold pieces.
Sonja shouts!
There is an open door here.
Sonja casts a spell.
Sonja blinks!
Casting: Ensorcelled Hibernation (safe; 4% risk of failure)
Confirm with . or Enter, or press ? or * to list all spells.
Aiming: Ensorcelled Hibernation (safe; 4% risk of failure)
Press: ? - help, Shift-Dir - straight line, f - Sonja
Aim: Sonja, wielding a +0 dagger of distortion and quivering curare-tipped darts (chance to affect: 56%) Sonja resists with significant effort.
Sonja throws a curare-tipped dart.
The curare-tipped dart hits you.
You are poisoned.
You have difficulty breathing.
You feel yourself slow down.
Casting: Ensorcelled Hibernation (safe; 4% risk of failure)
Confirm with . or Enter, or press ? or * to list all spells.
Aiming: Ensorcelled Hibernation (safe; 4% risk of failure)
Press: ? - help, Shift-Dir - straight line, f/p - Sonja
Aim: Sonja, wielding a +0 dagger of distortion and quivering curare-tipped darts (chance to affect: 56%) Sonja looks drowsy...
You feel very sick.
You feel sick.
Sonja shouts!
Sonja hits you with a +0 dagger of distortion!
Space bends around you.
Sonja hits you with a +0 dagger of distortion.
* * * LOW HITPOINT WARNING * * *
Space warps horribly around you!
You die...
Kikubaaqudgha rasps: "You have failed me!
Welcome... death!"

#<.#.)'..#.)'..#__#..+
#..'..#.)'..#..'^.'..#
#..#####'#####'#__####
#..####..#...#.####
#..#__####..##[#
#..#_____##'#_.+
#⌠⌠#_.∩...'..._#
####_..__##_K#'#
#_____###@#.# #######
#.### +$.$+ #$.$#
##.## #+#


You could see Sonja.

Vanquished Creatures
  A slime creature (D)
  A yak (D)
  Sigmund (D)
  An ogre (D)
  A jelly (D)
  Ijyb (D)
6 creatures vanquished.

Notes
Turn   | Place    | Note
-------+----------+-------------------------------------------
     0 | D        | Hipnos the Spriggan Enchanter began the quest for the Orb.
     0 | D        | Reached XP level 1. HP: 9/9 MP: 5/5
     1 | D        | Noticed Ijyb
     7 | D        | Killed Ijyb
     8 | D        | Reached skill level 7 in Stealth
     8 | D        | Reached skill level 5 in Hexes
     8 | D        | Reached XP level 2. HP: 13/13 MP: 5/7
    67 | D        | Learned a level 2 spell: Ensorcelled Hibernation
    67 | D        | Noticed an ogre
    70 | D        | Killed an ogre
    71 | D        | Reached skill level 10 in Stealth
    71 | D        | Reached XP level 3. HP: 16/16 MP: 8/10
    71 | D        | Reached XP level 4. HP: 21/21 MP: 8/11
   100 | D        | Noticed Sigmund
   103 | D        | Killed Sigmund
   104 | D        | Reached skill level 5 in Dodging
   104 | D        | Reached skill level 14 in Stealth
   104 | D        | Reached skill level 5 in Spellcasting
   104 | D        | Reached XP level 5. HP: 24/24 MP: 12/14
   116 | D        | Found an ornate altar of the Wu Jian Council.
   116 | D        | Found a shimmering blue altar of Sif Muna.
   118 | D        | Found a radiant altar of Vehumet.
   133 | D        | Reached XP level 6. HP: 28/28 MP: 15/15
   135 | D        | Found Nevulone's Assorted Antiques.
   135 | D        | Found an ancient bone altar of Kikubaaqudgha.
   135 | D        | Found a hazy altar of Hepliaklqana.
   135 | D        | Found a stormy altar of Qazlal.
   135 | D        | Found a hide-covered altar of Uskayaw.
   135 | D        | Found a blossoming altar of Fedhas.
   135 | D        | Found a bloodstained altar of Trog.
   135 | D        | Found an iron altar of Okawaru.
   135 | D        | Found a basalt altar of Yredelemnul.
   135 | D        | Found a glowing golden altar of the Shining One.
   135 | D        | Found a snail-covered altar of Cheibriados.
   135 | D        | Found a sacrificial altar of Ru.
   135 | D        | Found a glowing silver altar of Zin.
   135 | D        | Found a shadowy altar of Dithmenos.
   135 | D        | Found a white marble altar of Elyvilon.
   135 | D        | Noticed a yak
   136 | D        | Found an opulent altar of Gozag.
   137 | D        | Killed a yak
   138 | D        | Reached skill level 5 in Short Blades
   138 | D        | Reached skill level 16 in Stealth
   138 | D        | Found a sparkling altar of Nemelex Xobeh.
   144 | D        | Became a worshipper of Kikubaaqudgha
   182 | D        | Found a burning altar of Makhleb.
   182 | D        | Found a viscous altar of Jiyva.
   182 | D        | Found a shimmering altar of Xom.
   182 | D        | Found a corrupted altar of Lugonu.
   182 | D        | Noticed a slime creature
   186 | D        | Killed a slime creature
   187 | D        | Reached skill level 17 in Stealth
   187 | D        | Reached XP level 7. HP: 32/32 MP: 10/18
   257 | D        | Noticed Sonja
   262 | D        | Mangled by Sonja

Illustrated notes

Levels and vault maps discovered:
D:        dungeon_sprint_1 [red_sonja_temple_1, red_sonja_temple_small_1]

Skill      XL: |  1  2  3  4  5  6 |
---------------+-------------------+-----
Dodging        | 3 4 5 6 |  6.1
Stealth        | 7 10 14 17 | 17.4
Spellcasting   | 3 4 5 7 |  7.1
Hexes          | 5 6 |  6.8
Short Blades   | 4 6 |  6.1
Fighting       | |  0.4
Ice Magic      | |  0.6

Action                   |  1- 3 |  4- 6 |  7- 9 || total
-------------------------+-------+-------+-------++-------
Melee: Dagger            |     4 |     4 |       ||     8
 Cast: Ensorcelled Hiber |       |     3 |     2 ||     5
  Use: Potion            |     1 |       |       ||     1
 Stab: Sleeping          |     2 |     4 |       ||     6
Armor: Robe              |     1 |       |       ||     1
